 Dungeon Crawl Stone Soup version 0.18.1-48-g4cf74bf (webtiles) character file.

35 DJ1986 the Shield-Bearer (level 3, 0/26 HPs)
             Began as a High Elf Fighter on July 14, 2016.
             Slain by a hobgoblin (2 damage)
             ... led by Robin
             ... on level 1 of the Dungeon.
             The game lasted 00:27:13 (1137 turns).

DJ1986 the Shield-Bearer (High Elf Fighter)         Turns: 1137, Time: 00:27:13

Health: 0/26       AC:  6    Str: 16    XL:     3   Next: 17%
Magic:  4/4        EV:  7    Int: 11    God:
Gold:   42         SH:  9    Dex: 15    Spells: 0 memorised, 2 levels left

rFire  . . .     SeeInvis .     r - +0 mace
rCold  . . .     Gourm    .     v - +0 scale mail
rNeg   . . .     Faith    .     c - +0 shield
rPois  .         Spirit   .     (no helmet)
rElec  .         Dismiss  .     (no cloak)
rCorr  .         Reflect  .     (no gloves)
SustAt .         Harm     .     (no boots)
MR     .....                    (no amulet)
Stlth  ..........               (no ring)
                                (no ring)

@: not resistant to hostile enchantments, extremely unstealthy
A: no striking features
a: no special abilities


You were on level 1 of the Dungeon.
You were not hungry.

You visited 1 branch of the dungeon, and saw 2 of its levels.

You collected 42 gold pieces.

Inventory:

Hand Weapons
 a - a +0 flail
 e - a +0 club
 i - a +0 dagger
 j - a +0 hand axe
 n - a +0 club
 o - a +0 hand axe
 r - a +0 mace (weapon)
Missiles
 h - 17 stones (quivered)
 m - 12 sling bullets
 s - 29 arrows
Armour
 b - a +0 scale mail
 c - a +0 shield (worn)
 l - a +0 robe
 p - a cursed -2 robe
 v - a +0 scale mail (worn)
Scrolls
 q - a scroll of noise {unknown}
 u - a scroll of identify {unknown}
Potions
 d - a potion of might
 k - a potion of ambrosia {unknown}
 z - a potion of heal wounds {unknown}
Comestibles
 f - a bread ration
 g - 5 chunks of flesh
 t - a meat ration
 x - a slice of pizza


   Skills:
 + Level 3.2 Fighting
 + Level 1.5 Maces & Flails
 + Level 3.1 Armour
 + Level 0.7 Dodging
 + Level 3.2 Shields


You had 2 spell levels left.
You didn't know any spells.

Dungeon Overview and Level Annotations

Branches:
Dungeon (2/15)

Altars:

Annotations:
D:2 Robin


Message History

The hobgoblin closely misses you. The goblin hits you with a dagger.
You hit the goblin.
You kill the goblin!
The hobgoblin hits you but does no damage.
The hobgoblin hits you.
Some of the chunks of flesh in your inventory have rotted away.
Your shield prevents you from hitting the hobgoblin.
The hobgoblin hits you.
You closely miss the hobgoblin. The hobgoblin hits you.
* * * LOW HITPOINT WARNING * * *
You closely miss the hobgoblin. The hobgoblin hits you.
* * * LOW HITPOINT WARNING * * *
You block the hobgoblin's attack.
You hit the hobgoblin.
The hobgoblin is lightly wounded.
The hobgoblin hits you but does no damage.
You hit the hobgoblin.
The hobgoblin is heavily wounded.
You block the hobgoblin's attack. The hobgoblin hits you.
You die...

#.......# #.... #.......# #....
##########.......# #.###
#................# #.#
#######........##..#########.##
#.....'.......................##
##.#####.......###........###....
.......#######.###.######.####.##
.#.....# #..@#.#.........#.##
.#.....### #.g÷).....#.###.#.##
#.......#####.#####.#.#.###.#..
.........'...#.....#.......#.###
######...###.#####.##....#.#.#
#...# #.##.....#.#.##.#.# # #####
#.##.....#.#.#..#.####
#.##.........#.##.#...
#.##.....#.#.#.##.#.##


You could see a hobgoblin.

Vanquished Creatures
  2 dart slugs (D:1)
  2 giant cockroaches (D:1)
  A hobgoblin (D:1)
  2 kobolds (D:1)
  4 bats (D:1)
  2 giant newts (D:1)
  11 goblins
  5 rats (D:1)
29 creatures vanquished.

Notes
Turn   | Place    | Note
--------------------------------------------------------------
     0 | D:1      | DJ1986 the High Elf Fighter began the quest for the Orb.
     0 | D:1      | Reached XP level 1. HP: 16/16 MP: 2/2
   160 | D:1      | Reached XP level 2. HP: 21/21 MP: 3/3
   879 | D:2      | Noticed Robin
  1105 | D:2      | Reached XP level 3. HP: 20/26 MP: 4/4
  1137 | D:1      | Slain by a hobgoblin

Skill      XL: |  1  2 |
---------------+-------+-----
Armour         | 3 |  3.1
Shields        | 3 |  3.2
Fighting       | |  3.2
Maces & Flails | |  1.5
Dodging        | |  0.7

Action                   || total
-------------------------++-------
Melee: Flail             ||    44
       Mace              ||    55
       Hand axe          ||     2
Throw: Stone             ||     6
  Eat: Chunk             ||     1
Armor: Scale mail        ||    42
Dodge: Dodged            ||    28
Block: Shield            ||    61
